 Dungeon Crawl Stone Soup version 0.28-a0-1638-g9123634e07 (webtiles) character file.

Game seed: 13608053713985765844

749 ders the Digger (level 7, -1/36 HPs)
             Began as a Gargoyle Earth Elementalist on Jan 25, 2022.
             Slain by an orc wizard (5 damage)
             ... on level 3 of the Dungeon.
             The game lasted 00:05:33 (3939 turns).

ders the Digger (Gargoyle Earth Elementalist)       Turns: 3939, Time: 00:05:34

Health: -1/36      AC:  6    Str: 11    XL:     7   Next: 77%
Magic:  7/14       EV: 11    Int: 18    God:
Gold:   120        SH:  0    Dex: 10    Spells: 9/15 levels left

rFire   . . .      SeeInvis .   (no weapon)
rCold   . . .      Faith    .   (no shield)
rNeg    + . .      Spirit   .   b - +0 robe
rPois   ∞          Reflect  .   e - +0 hat
rElec   +          Harm     .   (no cloak)
rCorr   .          Rampage  .   (no gloves)
Will    .....                   (no boots)
Stlth   ++........              (no amulet)
HPRegen 0.12/turn               (no ring)
MPRegen 0.14/turn               (no ring)

@: no status effects
A: sickness immunity, AC +4, negative energy resistance 1, electricity
resistance, torment resistance 1, petrification resistance
a: no special abilities


You were on level 3 of the Dungeon.
You visited 1 branch of the dungeon, and saw 5 of its levels.

You collected 120 gold pieces.

Inventory:

Missiles
 c - 72 stones
Armour
 b - a +0 robe (worn)
 e - a +0 hat (worn)
Jewellery
 a - a ring of magical power
 g - a ring of positive energy
 k - a ring of see invisible
Scrolls
 i - 2 scrolls of teleportation {unknown}
 j - a scroll of amnesia {unknown}
 l - 2 scrolls of magic mapping {unknown}
 n - 4 scrolls of vulnerability {unknown}
 o - 2 scrolls of identify {unknown}
 q - a scroll of fear {unknown}
 s - a scroll of noise {unknown}
Potions
 d - a potion of brilliance {unknown}
 f - a potion of degeneration {unknown}
 h - a potion of might {unknown}
 m - a potion of resistance {unknown}
 p - 2 potions of curing {unknown}
 r - 2 potions of heal wounds {unknown}
 t - a potion of invisibility


   Skills:
 - Level 1.5 Dodging
 - Level 2.1 Stealth
 + Level 4.7 Spellcasting
 + Level 5.0 Conjurations
 - Level 0.7 Transmutations
 + Level 6.8 Earth Magic


You had 9 spell levels left.
You knew the following spells:

 Your Spells              Type           Power      Damage    Failure   Level
a - Sandblast             Erth           56%        2d13      1%          1
b - Stone Arrow           Conj/Erth      50%        3d10      3%          3
c - Passwall              Tmut/Erth      14%        N/A       4%          2

Your spell library contained the following spells:

 Spells                   Type           Power      Damage    Failure   Level
 Petrify                  Tmut/Erth      17%        N/A       28%         4
 Gell's Gravitas          Tloc           4%         N/A       38%         3
 Lesser Beckoning         Tloc           4%         N/A       38%         3
 Ozocubu's Armour         Ice            4%         N/A       38%         3
 Teleport Other           Tloc           4%         N/A       38%         3
 Cause Fear               Hex            2%         N/A       80%         4
 Dragon Form              Tmut           3%         N/A       100%        7
 Ozocubu's Refrigeration  Ice            2%         4d5       100%        7
 Dragon's Call            Summ           2%         N/A       100%        9


Dungeon Overview and Level Annotations

Branches:
Dungeon (5/15)
 Temple: D:4-7

Altars:
Nemelex Xobeh

Shops:
D:5 *

Annotations:
D:3 3 runed translucent doors, Hubris850's ghost, amateur MfTm; porpoise's ghost, weakling DjWz; sasquatch's ghost, weakling OgBe


Innate Abilities, Weirdness & Mutations

You are immune to sickness and miasma.
Your stone body is resilient. (AC +4)
You are immune to poison.
You resist negative energy. (rN+)
You are resistant to electric shocks. (rElec)
You are resistant to unholy torment.
You are immune to petrification.


Message History

The puff of flame hits you!
The orc priest hits you with a +0 war axe.
The orc wizard gestures at you while chanting.
The magic dart hits you. The orc hits you but does no damage.
Really walk into that dispersal trap?
You enter a dispersal trap!
The orc priest blinks!
The orc blinks!
The orc wizard blinks!
The orc blinks!
The orc priest blinks!
The orc wizard blinks!
You blink.
The orc priest enters a dispersal trap!
The orc blinks!
You blink.
The iguana hisses angrily.
The orc wizard gestures wildly while chanting.
The orc wizard flickers and vanishes!
Deactivating autopickup; reactivate with Ctrl-A.
The iguana bites you but does no damage.
The iguana completely misses you.
Something hits you but does no damage. x2
There is an escape hatch in the ceiling here.
Something hits you.
* * * LOW HITPOINT WARNING * * *
The iguana bites you but does no damage.
A mysterious force pulls you upwards. The hatch slams shut behind you.
Level annotation: 3 runed translucent doors, Hubris850's ghost, amateur MfTm; porpoise's ghost, weakling DjWz; sasquatch's ghost, weakling OgBe Reactivating autopickup.
Casting: Stone Arrow (dangerous; 3% risk of failure)
Confirm with . or Enter, or press ? or * to list all spells.
Aiming: Stone Arrow (dangerous; 3% risk of failure)
Press: ? - help, Shift-Dir - straight line, f - iguana
Aim: an iguana (75% to hit)
The stone arrow hits the iguana!
The iguana is severely wounded.
Something hits you but does no damage.
Deactivating autopickup; reactivate with Ctrl-A.
The iguana bites you.
* * * LOW HITPOINT WARNING * * *
Something hits you.
* * * LOW HITPOINT WARNING * * *
Unknown command.
Something hits you.
You die...

#...###.........#........#
######...............#........#
.....#...............#........#
.....#.).......#######........###
.................................
.....#.........#######........###
.....#..............##........#
.....#..............##........#
....#####.......@...##........#
....#...##........####.##...###
....#...##.......l# #.......#####
....#...##........# #.......##...
....#...##........###.......##.##
....#...######.##........###...#.
............#≈.≈#..........#.###.
....#.....###≈.≈#....#.....#.....
#####.....#.#≈.≈#....#.....######


You could see an iguana.

Vanquished Creatures
  Grinder (D:4)
  An ice beast (D:5)
  A phantom (D:5)
  A scorpion (D:4)
  A jelly (D:4)
  Jessica (D:3)
  4 orc wizards (D:4)
  2 hound skeletons (D:4)
  4 adders
  An ufetubus (D:4)
  3 worms
  A dart slug (D:2)
  6 orcs
  10 ball pythons
  4 endoplasms
  3 giant cockroaches
  13 goblins
  6 hobgoblins
  6 jackals
  4 quokkas
  6 bats
  5 frilled lizards
  4 kobolds
  5 rats
93 creatures vanquished.

Vanquished Creatures (others)
  3 withered plants (D:3)
3 creatures vanquished.

Grand Total: 96 creatures vanquished

Notes
Turn   | Place    | Note
-------+----------+-------------------------------------------
     0 | D:1      | ders the Gargoyle Earth Elementalist began the quest for
                  | the Orb.
     0 | D:1      | Reached XP level 1. HP: 10/10 MP: 3/3
   241 | D:1      | Reached XP level 2. HP: 15/15 MP: 1/5
   391 | D:1      | Reached skill level 1 in Conjurations
   536 | D:1      | Found a faded altar of an unknown god.
   541 | D:1      | Reached skill level 4 in Earth Magic
  1193 | D:2      | Reached XP level 3. HP: 19/19 MP: 4/6
  1222 | D:2      | Learned a level 3 spell: Stone Arrow
  1731 | D:2      | Reached XP level 4. HP: 23/24 MP: 5/8
  2555 | D:3      | Noticed Jessica
  2563 | D:3      | Killed Jessica
  2564 | D:3      | Reached XP level 5. HP: 22/28 MP: 0/9
  2662 | D:3      | Found a sparkling altar of Nemelex Xobeh.
  2742 | D:3      | Reached skill level 5 in Earth Magic
  2853 | D:3      | Found a runed translucent gate.
  2854 | D:3      | Found a runed translucent gate.
  2856 | D:3      | Found a runed translucent gate.
  2857 | D:3      | Noticed sasquatch's ghost (weakling OgBe)
  2857 | D:3      | Noticed porpoise's ghost (weakling DjWz)
  2858 | D:3      | Noticed Hubris850's ghost (amateur MfTm)
  2897 | D:4      | Noticed Grinder
  3018 | D:4      | Reached XP level 6. HP: 28/32 MP: 3/11
  3074 | D:5      | Entered Level 5 of the Dungeon
  3303 | D:5      | Noticed an ice beast
  3310 | D:5      | Killed an ice beast
  3414 | D:5      | Reached skill level 6 in Earth Magic
  3491 | D:5      | Found Biniub's Gadget Gallery.
  3510 | D:4      | Learned a level 2 spell: Passwall
  3533 | D:4      | Paralysed by Grinder for 7 turns
  3543 | D:4      | Killed Grinder
  3544 | D:4      | Reached XP level 7. HP: 28/36 MP: 0/13
  3727 | D:4      | Reached skill level 5 in Conjurations
  3939 | D:3      | Slain by an orc wizard

Illustrated notes

Levels and vault maps discovered:
D:1:      lightli_arrival_statue_moat, layout_loops_ring,
          ebering_ecumenical_altar_box, grunt_decor_clamped, serial_bayou_pond_e
D:2:      kennysheep_the_goblin_king, layout_loops_ring
D:3:      layout_basic, nemelex_diamond_rough_becter, gammafunk_ghost_cemetery,
          amcnicky_mini_rare_corridor_liquid, kennysheep_jessica_study
D:4:      layout_rooms, minmay_a_box_with_orc_wizards_in_it, uniq_grinder
D:5:      layout_basic, nicolae_shop_gadgets

Skill      XL: |  1  2  3  4  5  6  7 |
---------------+----------------------+-----
Conjurations   | 1 2 3 4 5 |  5.0
Earth Magic    | 4 5 6 |  6.8
Spellcasting   | 3 4 |  4.7
Dodging        | |  1.5
Stealth        | |  2.1
Transmutations | |  0.7

Action                   |  1- 3 |  4- 6 |  7- 9 || total
-------------------------+-------+-------+-------++-------
Melee: Unarmed           |       |     2 |       ||     2
 Cast: Sandblast         |    44 |    73 |    17 ||   134
       Stone Arrow       |       |     9 |     5 ||    14
Armor: Robe              |     3 |    12 |     8 ||    23
Dodge: Dodged            |     3 |    20 |     7 ||    30

Table legend: (Time is in decaauts)
 A = Elapsed time spent in this place.
 B = Non-inter-level travel time spent in this place.
 C = Inter-level travel time spent in this place.
 D = Time resting spent in this place.
 E = Time spent auto-exploring this place.
 F = Levels seen in this place.
 G = Mean time per level.
                   A        B        C        D        E       F      G
               +--------+--------+--------+--------+--------+-----+--------+
         Total |   3940 |   3801 |    139 |    565 |   2711 |   5 |  788.0 |
       Dungeon |   3940 |   3801 |    139 |    565 |   2711 |   5 |  788.0 |
               +--------+--------+--------+--------+--------+-----+--------+

Top non-repeatable levels by time:
     D:3: 1047 daAuts
     D:1: 970 daAuts
     D:2: 948 daAuts
     D:4: 545 daAuts
     D:5: 427 daAuts
